[Event "9. Korbacher Open 2017"]
[Site "Korbach"]
[Date "2017.10.20"]
[Round "2"]
[White "Petras, Nils"]
[Black "Rehbein, Ullrich"]
[Result "1/2-1/2"]
[ECO "A38"]
[WhiteElo "1922"]
[BlackElo "1778"]
[Annotator "NA RC"]
[PlyCount "50"]
[EventDate "2017.??.??"]
[EventType "swiss"]
[EventCountry "GER"]
[SourceTitle "playchess.com"]
[Source "ChessBase"]
[SourceQuality "1"]
[TimeControl "40/5400+30:1800+30"]

1. Nf3 c5 2. g3 Nc6 3. c4 g6 4. Bg2 Bg7 5. O-O Nf6 6. Nc3 O-O 7. b3 d5 8. cxd5 Nxd5 9. Bb2 {[%emt 0:00:11] LiveBook: 8 Games} Rb8 {[%emt 0:07:15] A38: Symmetrical English vs ...g6: 4 Bg2 Bg7 5 Nf3 Nf6} (9... Nxc3 10. Bxc3 Bxc3 11. dxc3 Bf5 12. Qxd8 Rfxd8 13. Rfd1 Rxd1+ 14. Rxd1 Rd8 15. Rxd8+ Nxd8 16. Kf1 Be4 17. Ke1 Kf8 18. Kd2 f6 19. Ne1 Bxg2 20. Nxg2 {½-½ (20) Zlatilov,I (2332)-Kukov,V (2357) Bosilegrad 2009}) 10. a3 $146 ({Predecessor:} 10. Rc1 h6 11. Na4 b6 12. Bxg7 Kxg7 13. d4 Be6 14. dxc5 b5 15. Nc3 Nxc3 16. Rxc3 Qa5 17. Rc2 {0-1 (59) Gelsok,P (1728)-Kohler,O (1992) Bad Godesberg 2013}) 10... f5 11. Qc2 (11. b4 $5) 11... Nxc3 12. Bxc3 Nd4 13. Bxd4 cxd4 14. Qc4+ e6 15. d3 b5 (15... Rf7 $11) 16. Qc1 (16. Qc5 $14) 16... e5 17. Qc5 Qb6 18. Rac1 e4 19. dxe4 fxe4 20. Ng5 Qxc5 21. Rxc5 e3 22. Bd5+ Kh8 {[%emt 0:01:29] [#]} 23. Nf7+ $2 (23. fxe3 $1 $18 Bf5 24. Nf7+ Rxf7 25. Bxf7) 23... Kg8 $2 (23... Rxf7 $1 $11 24. Bxf7 Bh3) 24. fxe3 Bb7 {[%emt 0:04:27] [#]} 25. Nh6+ (25. Be6 $1 $18) 25... Kh8 $16 1/2-1/2

[Event "9. Korbacher Open 2017"]
[Site "Korbach"]
[Date "2017.10.20"]
[Round "2"]
[White "Wuestehube, Harry"]
[Black "Deutsch, Christoph"]
[Result "1/2-1/2"]
[ECO "C65"]
[WhiteElo "1906"]
[BlackElo "1755"]
[Annotator "NA RC"]
[PlyCount "71"]
[EventDate "2017.??.??"]
[EventType "swiss"]
[EventCountry "GER"]
[SourceTitle "playchess.com"]
[Source "ChessBase"]
[SourceQuality "1"]
[TimeControl "40/5400+30:1800+30"]

1. e4 e5 2. Nf3 Nc6 3. Bb5 Nf6 4. d3 d6 5. h3 Be7 6. c3 O-O 7. O-O a6 8. Ba4 b5 9. Bc2 Re8 {[%emt 0:01:01] C77: Ruy Lopez: 3...a6 4 Ba4 Nf6, unusual lines} 10. Re1 {[%emt 0:04:28] LiveBook: 7 Games} h6 11. Nbd2 Bf8 12. Nf1 (12. a4 b4 13. a5 Rb8 14. Nc4 g6 15. Bd2 bxc3 16. bxc3 Bg7 17. d4 exd4 18. cxd4 Nb4 19. Bb1 {1-0 (34) Nepomniachtchi,I (2742)-Inarkiev,E (2707) Geneve 2017}) 12... Ne7 13. Ng3 Ng6 14. a4 Bd7 15. d4 c5 16. d5 $146 ({Predecessor:} 16. dxc5 dxc5 17. axb5 axb5 18. Rxa8 Qxa8 19. Nf5 {½-½ (34) Vasek,V-Albertovic,L Morava 1996}) 16... Qc7 17. Be3 Rec8 18. Qd2 Rab8 19. axb5 axb5 20. Rec1 b4 21. Ba4 bxc3 22. bxc3 Ra8 23. Bxd7 Qxd7 24. Qc2 Rcb8 25. c4 Kh7 26. Ne2 Ne7 27. Nc3 Nc8 {[%emt 0:00:43] [#]} (27... Kg8 $14) 28. Rxa8 (28. Bxc5 $1 $16 Qc7 29. Nxe5 dxe5 30. Bxf8) 28... Rxa8 29. Rb1 Na7 (29... Ra6 $11) 30. Qb3 (30. Qa2 $16) 30... Nc8 31. Nd2 Qa7 32. Qb7 Nd7 33. Qc6 Ndb6 34. Nb5 Qe7 35. Nc3 Qa7 $14 36. Qe8 1/2-1/2

[Event "9. Korbacher Open 2017"]
[Site "Korbach"]
[Date "2017.10.20"]
[Round "2"]
[White "Goetz, Jan"]
[Black "Naujocks, Christian"]
[Result "1-0"]
[ECO "D53"]
[WhiteElo "1890"]
[BlackElo "1654"]
[Annotator "NA RC"]
[PlyCount "51"]
[EventDate "2017.??.??"]
[EventType "swiss"]
[EventCountry "GER"]
[SourceTitle "playchess.com"]
[Source "ChessBase"]
[SourceQuality "1"]
[TimeControl "40/5400+30:1800+30"]

1. d4 d5 2. c4 e6 3. Nc3 Nf6 4. Bg5 Be7 5. e3 O-O 6. cxd5 exd5 7. Bd3 h6 {[%emt 0:00:36] LiveBook: 120 Games} 8. Bh4 Be6 9. Nge2 {[%emt 0:00:27] D35: Queen's Gambit Declined: Exchange Variation} Nbd7 (9... c5 10. dxc5 Bxc5 11. O-O Nc6 12. Nf4 Bd6 13. Bxf6 Qxf6 14. Ncxd5 Bxd5 15. Nxd5 Qxb2 16. Rb1 Qxa2 17. Rxb7 {1-0 (30) Sasikiran,K (2652)-Bacrot,E (2729) Corsica 2005}) 10. Qc2 Nb6 11. Nf4 Rc8 12. O-O c5 $146 ({Predecessor:} 12... Ng4 13. Bxe7 Qxe7 14. Qe2 Qd6 15. Nb5 Qe7 16. Nxa7 {1-0 (52) Conrad,E (1534)-Trienens,T (1460) Homburg 2010}) 13. dxc5 Rxc5 14. Qb3 a6 15. Rfd1 Qc7 16. Be2 g5 17. Nxe6 fxe6 18. Bg3 Bd6 19. Bxd6 Qxd6 20. Rd2 Qc7 21. Rad1 Nbd7 22. e4 Nxe4 $2 ({Black should try} 22... Rxc3 $14 23. Qxc3 Qxc3 24. bxc3 Nxe4) 23. Nxe4 dxe4 $2 (23... Rc6 $18 24. Qh3 Kg7) 24. Qxe6+ Kh8 25. Rxd7 Rc6 26. Qxe4 1-0

[Event "9. Korbacher Open 2017"]
[Site "Korbach"]
[Date "2017.10.20"]
[Round "2"]
[White "Launert, Martin"]
[Black "Stahnke, Thorsten"]
[Result "1-0"]
[ECO "B34"]
[WhiteElo "1879"]
[BlackElo "2026"]
[Annotator "NA RC"]
[PlyCount "47"]
[EventDate "2017.??.??"]
[EventType "swiss"]
[EventCountry "GER"]
[SourceTitle "playchess.com"]
[Source "ChessBase"]
[SourceQuality "1"]
[TimeControl "40/5400+30:1800+30"]

1. e4 c5 2. Nf3 Nc6 3. d4 cxd4 4. Nxd4 g6 5. Nxc6 bxc6 6. Qd4 Nf6 {[%emt 0:00:14] LiveBook: 43 Games} 7. e5 Ng8 8. e6 Nf6 $1 9. exf7+ Kxf7 10. Be2 {[%emt 0:08:07] B34: Sicilian: Accelerated Dragon with 5 Nc3: sidelines} Bg7 11. Qh4 Qb6 12. O-O e5 $146 ({Predecessor:} 12... d5 $11 13. Nd2 Bf5 14. Nf3 Rhe8 15. b3 e5 16. Bb2 Qc7 17. Bd3 e4 {½-½ (42) Bakhtadze,G (2384)-Popov,V (2582) Tula 1999}) 13. b3 d5 14. Bh6 Bf5 15. c4 Bxh6 16. Qxh6 Bxb1 17. Raxb1 d4 {[%emt 0:00:31] [#]} 18. b4 $1 Rad8 19. c5 Qc7 20. Bc4+ Nd5 21. f4 Ke8 22. fxe5 Ne3 23. Bf7+ Kd7 24. Qh3+ $18 1-0

[Event "9. Korbacher Open 2017"]
[Site "Korbach"]
[Date "2017.10.20"]
[Round "2"]
[White "Trienekens, Tjark"]
[Black "Sakhra, Roman"]
[Result "1-0"]
[ECO "C54"]
[WhiteElo "1865"]
[BlackElo "1489"]
[Annotator "NA RC"]
[PlyCount "51"]
[EventDate "2017.??.??"]
[EventType "swiss"]
[EventCountry "GER"]
[SourceTitle "playchess.com"]
[Source "ChessBase"]
[SourceQuality "1"]
[TimeControl "40/5400+30:1800+30"]

1. e4 e5 2. Nf3 Nc6 3. Bc4 Bc5 4. c3 Nf6 5. d3 h6 6. b4 Bb6 7. b5 Na5 $1 {[%emt 0:18:37] C54: Giuoco Piano: 4 c3 Nf6, main lines with 5 d4 and 5 d3} 8. Nxe5 Nxc4 (8... O-O $11 {keeps the balance.}) (8... d5 9. exd5 Nxc4 10. Nxc4 Qxd5 11. O-O Qxb5 12. a4 Qd5 13. Re1+ Be6 14. a5 Bc5 15. Re5 Qc6 16. a6 b6 17. Ba3 {½-½ (17) Biti,O (2370)-Hodak,S (2169) Bosnjaci 2011}) 9. Nxc4 d6 10. O-O Be6 11. Nbd2 Ng4 $146 ({Predecessor:} 11... O-O 12. Qf3 Re8 13. Re1 Qd7 14. Nxb6 axb6 15. c4 {1-0 (26) Sokolova,E-Bogdanova,M Russia 2004}) 12. d4 Qh4 13. Nf3 Qh5 14. Nxb6 axb6 15. e5 (15. Re1 $16) 15... dxe5 16. h3 Nf6 17. dxe5 Nd7 18. Re1 (18. Nd4 $14 Qxe5 19. Re1) 18... Rxa2 $2 (18... O-O $11 {and Black stays safe.}) 19. Rxa2 Bxa2 20. Qa4 Bd5 21. Qa8+ Ke7 22. Qxh8 Qg6 23. Nh4 Qh5 24. e6 Bxe6 25. Ba3+ Nc5 26. Nf3 $18 1-0

[Event "9. Korbacher Open 2017"]
[Site "Korbach"]
[Date "2017.10.20"]
[Round "2"]
[White "Koerber, Thomas"]
[Black "Kirchner, Markus"]
[Result "1-0"]
[ECO "A04"]
[WhiteElo "1857"]
[BlackElo "1884"]
[Annotator "NA RC"]
[PlyCount "83"]
[EventDate "2017.??.??"]
[EventType "swiss"]
[EventCountry "GER"]
[SourceTitle "playchess.com"]
[Source "ChessBase"]
[SourceQuality "1"]
[TimeControl "40/5400+30:1800+30"]

1. Nf3 f5 2. d4 Nf6 3. Bg5 Ne4 {[%emt 0:00:23] A80: Dutch Defence: Unusual White second moves} (3... e6 4. Nbd2 Be7 5. e3 b6 6. Bd3 Bb7 7. Bxf6 Bxf6 8. e4 fxe4 9. Bxe4 d5 10. Bd3 O-O 11. O-O Nc6 12. c3 Qd6 13. Re1 {0-1 (36) Andreikin,D (2705)-Kamsky,G (2676) Sochi 2017}) 4. Nbd2 Nxg5 5. Nxg5 e5 6. Ngf3 e4 7. Ne5 (7. Ng1 $1 $15) 7... d6 8. Nec4 d5 $146 ({Predecessor:} 8... Nd7 9. Ne3 Nf6 10. c3 f4 11. Nec4 {0-1 (26) Schaefer,E (1976)-De Smet,K (2204) ICCF email 2006}) 9. Ne5 Bd6 10. e3 O-O 11. f4 Bxe5 (11... c5 $17 12. c3 Be6) 12. dxe5 c5 13. Nb3 Be6 14. c3 (14. c4 $5) 14... b6 15. Qc2 Nc6 16. Bb5 Qc7 17. Rd1 c4 18. Nc1 $1 Nd8 19. Qf2 a6 20. Ba4 b5 21. Bc2 a5 22. O-O Nc6 23. Ne2 Rfd8 24. Rd2 Rd7 25. Rfd1 Rad8 26. h3 Qb6 27. Kh2 Rf8 28. Rb1 Ra7 {[%emt 0:03:07] [#]} (28... g6 $11 {remains equal.}) 29. b3 $1 Qc5 {[%emt 0:05:07] [#]} 30. Rc1 (30. bxc4 $1 $16 Qxc4 31. Bd1) 30... Qa3 31. Bd1 b4 $2 {[%emt 0:05:32] [#]} ({Better is} 31... Raa8 $11) 32. bxc4 $1 dxc4 33. Rd6 Nd8 34. Rc2 b3 35. axb3 cxb3 36. Rcd2 b2 37. Bc2 Bb3 (37... Ra8 $16 {was necessary.}) 38. Bb1 ({But not} 38. Rxd8 $2 Bxc2 39. Qh4 b1=Q $19) 38... Nf7 (38... Ne6 $142) 39. Rb6 a4 {[%emt 0:01:02] [#]} 40. Nd4 $1 Qc5 41. Rc6 Qa5 42. Rxb2 $18 1-0

[Event "9. Korbacher Open 2017"]
[Site "Korbach"]
[Date "2017.10.20"]
[Round "2"]
[White "Plaza Reino, Mercedes"]
[Black "Mohammadi, Sholeh"]
[Result "1-0"]
[ECO "A02"]
[WhiteElo "1822"]
[BlackElo "1190"]
[Annotator "NA RC"]
[PlyCount "139"]
[EventDate "2017.??.??"]
[EventType "swiss"]
[EventCountry "GER"]
[SourceTitle "playchess.com"]
[Source "ChessBase"]
[SourceQuality "1"]
[TimeControl "40/5400+30:1800+30"]

1. f4 e6 2. Nf3 Be7 3. e3 Bh4+ 4. Nxh4 Qxh4+ 5. g3 Qe7 6. Bg2 c5 7. O-O d5 8. d3 Nf6 9. Nd2 Nc6 10. e4 dxe4 11. Nxe4 Nd4 12. Nxf6+ Qxf6 {[%emt 0:04:01] [#]} (12... gxf6 $16 13. c3 Nf5) 13. c3 (13. Be3 $1 $18 {bietet bessere Gewinnchancen.}) 13... Nf5 14. Re1 O-O 15. Re5 Qe7 16. Qh5 Qc7 17. g4 g6 18. Qh3 Ng7 (18... f6 $14) 19. Be3 Rb8 $2 (19... Rd8 $16 {kämpft weiter.} 20. Rd1 (20. Rxc5 Qe7 $18) 20... Bd7 21. Rxc5 Bc6) 20. Rxc5 Qd6 (20... Qd8 $16 {was necessary.} 21. Rc4 b6) 21. d4 (21. Bd4 $18) 21... b6 22. Rc4 Bb7 23. Bxb7 Rxb7 24. Qf3 Qd5 25. Qxd5 exd5 26. Rc6 Rd8 (26... Re8 27. Kf2 Rd8 28. f5 ) 27. Kf2 Kf8 28. f5 gxf5 29. gxf5 Nxf5 30. Bg5 Rd6 31. Rxd6 Nxd6 32. Bh6+ Ke8 33. Re1+ Ne4+ 34. Kf3 f5 (34... Rc7 $11 {remains equal.}) 35. Bf4 ({White should try} 35. Rg1 $16) 35... Kf7 (35... Rg7 $11) 36. Re2 Ke6 37. Rg2 Rf7 38. Be5 Nf6 39. Bxf6 Kxf6 40. Kf4 h5 $2 (40... Re7 $11) 41. Rg5 Ke6 (41... Re7 $142 42. Rxf5+ Kg6 43. Rxd5 Re2 44. Rd6+ Kf7 45. Rd7+ Kf6 46. Rxa7 Rf2+ 47. Ke4 Rxb2) 42. Rxh5 a5 (42... Rg7 {is a better defense.} 43. Rh6+ (43. Rxf5 Rg2 $18) 43... Kd7 44. Kxf5 Rg2) 43. Rh6+ Rf6 44. Rxf6+ Kxf6 45. a4 Ke6 46. h4 Kf6 47. h5 Ke6 48. h6 Kf6 49. h7 Kg7 50. Kxf5 Kxh7 51. Ke6 Kg6 52. Kxd5 Kf5 53. Kc6 Ke6 54. d5+ Ke7 55. Kc7 Ke8 56. d6 b5 57. d7+ Kf7 58. d8=Q b4 59. Kd6 bxc3 60. Qe7+ Kg6 61. bxc3 Kf5 62. Qe6+ Kf4 63. Qe5+ Kf3 64. c4 Kf2 65. c5 Kf1 66. c6 Kf2 67. c7 Kf3 68. c8=R Kg4 69. Qf6 Kg3 70. Rg8+ 1-0

[Event "9. Korbacher Open 2017"]
[Site "Korbach"]
[Date "2017.10.20"]
[Round "2"]
[White "Powalla, Christian"]
[Black "Schmidt, Matthias"]
[Result "1/2-1/2"]
[ECO "B22"]
[WhiteElo "1816"]
[BlackElo "2031"]
[Annotator "NA RC"]
[PlyCount "85"]
[EventDate "2017.??.??"]
[EventType "swiss"]
[EventCountry "GER"]
[SourceTitle "playchess.com"]
[Source "ChessBase"]
[SourceQuality "1"]
[TimeControl "40/5400+30:1800+30"]

1. e4 c5 2. c3 e6 3. d4 d5 4. exd5 exd5 5. Nf3 Nf6 6. Be2 Be7 7. O-O {[%emt 0:04:02] B22: Sicilian: 2 c3} O-O {[%emt 0:00:41] LiveBook: 7 Games} 8. h3 Nc6 9. Be3 (9. dxc5 Bxc5 10. Nbd2 a6 11. Nb3 Bb6 12. Bg5 Re8 13. Bd3 h6 14. Bh4 Qd6 15. Kh1 {1-0 (63) Potapov,P (2477)-Balashov,Y (2443) Sochi 2015}) 9... cxd4 10. Nxd4 Ne5 $146 ({Predecessor:} 10... Bd6 11. Bf3 Bc7 12. Ne2 Bf5 13. Bf4 {0-1 (20) Faysal,W (1740)-Feldmann,J (2090) Frankfurt 2014}) 11. Nd2 Bd7 12. f4 (12. N2f3 $14 Qc7 13. Re1) 12... Nc6 13. Kh1 Qc8 14. g4 Re8 15. Bd3 Ba3 16. Qf3 (16. bxa3 $17 {was forced.} Rxe3 17. Rf3) 16... Bxb2 17. g5 Ne4 ({Don't take} 17... Bxc3 18. gxf6 Rxe3 19. Qxe3 $19) 18. Bxe4 (18. Rad1 $142) 18... dxe4 19. Nxe4 (19. Qg3 $142 Bxh3 20. Nb5 Bxf1 21. Rxf1) 19... Rxe4 $2 (19... Nxd4 20. Bxd4 Rxe4) 20. Qxe4 Nxd4 ({But not} 20... Bxh3 21. Nxc6 bxc6 22. Rab1) ({Much less strong is} 20... Bxc3 21. Kh2) 21. Qxd4 Bxc3 22. Qc5 Bc6+ 23. Kh2 Bxa1 24. Rxa1 Qd7 25. Rc1 $2 (25. Qd4 $17 {is a better defense.}) 25... Qe6 26. Rc2 $2 (26. Qd4) 26... Re8 27. Bd4 Qe4 28. Be5 f6 29. gxf6 gxf6 30. Bc7 Qh1+ 31. Kg3 $1 $11 Kf7 (31... Qf3+ $142 32. Kh4 Re3 33. Rg2+ Kf7 34. Qxe3 Qxe3) 32. Qh5+ Kg8 $2 ({Black should play} 32... Kg7 $19 33. Qg4+ Kh8) 33. Re2 $2 {[%emt 0:07:07] [#]} Rxe2 $2 (33... Re7 $1 $19 34. Bd6 {[#]} (34. Rxe7 $2 {loses.} Qg2+ 35. Kh4 Qf2+ 36. Kg4 Bf3+ 37. Kf5 Bxh5 $19) 34... Bf3 $1 35. Qxf3 Rg7+ 36. Qg4 h5 37. Qxg7+ (37. Re8+ $2 Kh7 $19) 37... Kxg7) 34. Qxe2 Bd7 35. Qg2 Qe1+ 36. Kh2+ Kf7 37. Qxb7 Qe6 ({Black should try} 37... Qf2+ $15 38. Qg2 Qc5) 38. Qg2 Bc6 39. Qc2 Be4 40. Qb3 Bd5 41. Qd3 f5 42. a3 Be4 43. Qe2 1/2-1/2

[Event "9. Korbacher Open 2017"]
[Site "Korbach"]
[Date "2017.10.20"]
[Round "2"]
[White "Achermann, Didier"]
[Black "Hagedorn, Alfons"]
[Result "0-1"]
[ECO "B76"]
[WhiteElo "1811"]
[BlackElo "1923"]
[Annotator "NA RC"]
[PlyCount "122"]
[EventDate "2017.??.??"]
[EventType "swiss"]
[EventCountry "GER"]
[SourceTitle "playchess.com"]
[Source "ChessBase"]
[SourceQuality "1"]
[TimeControl "40/5400+30:1800+30"]

1. e4 c5 2. Nf3 d6 3. d4 cxd4 4. Nxd4 Nf6 5. Nc3 g6 6. f3 Bg7 7. Be3 O-O 8. Qd2 Nc6 9. O-O-O Nxd4 (9... d5 $11) 10. Bxd4 Be6 11. g4 Qa5 12. Kb1 Rfc8 13. a3 {[%emt 0:08:13] LiveBook: 48 Games} Bc4 {[%emt 0:07:26] B76: Sicilian Dragon: Yugoslav Attack, 9 g4 and 9 0-0-0} (13... Rab8 $11 14. h4 b5 15. Nd5 Qxd2 16. Rxd2 Bxd5 17. exd5 a5 18. h5 Nd7 19. g5 Ne5 20. Be2 Nc4 21. Rdd1 b4 22. a4 {½-½ (30) Karjakin,S (2753)-Nakamura,H (2799) Khanty-Mansiysk 2015}) 14. Bxc4 Rxc4 15. Qf2 $146 ({Predecessor:} 15. Bxf6 Bxf6 16. Nd5 Qxd2 17. Nxf6+ Kg7 18. Nh5+ gxh5 19. Rxd2 hxg4 20. Rg1 h5 21. h3 {0-1 (51) Zill,C (2154)-Schmidt,W (2301) Bayern 2003}) 15... Rac8 (15... e5 $5 16. Be3 $8 Rxc3 17. bxc3 Qxa3 $14) 16. Rd3 (16. Qe1 $11 {remains equal.}) 16... b5 ({Better is} 16... Nd7 $15 17. Bxg7 Kxg7) 17. Nd5 $2 (17. Bxf6 $11 Bxf6 18. Nd5) 17... Nxd5 18. Bxg7 $2 (18. exd5 Rxc2 19. Qe3) 18... Nf4 19. Bh6 Rxc2 20. Qd4 e5 21. Qxd6 Nxd3 22. Qxd3 b4 23. axb4 Qxb4 24. Qxc2 Rxc2 25. Kxc2 Qc4+ 26. Kb1 f6 27. Rd1 Qc7 28. Be3 Kf7 29. h4 Ke6 30. Rc1 Qd7 31. Kc2 Qa4+ 32. Kd2 Qb4+ 33. Kc2 f5 34. gxf5+ gxf5 35. exf5+ Kxf5 36. Bg5 Qc4+ 37. Kd2 Qd4+ 38. Kc2 Qf2+ 39. Kb1 Qxf3 40. Rc7 Qd1+ 41. Ka2 Qa4+ (41... Qd5+ $142 42. Kb1 e4) 42. Kb1 h5 43. Rc3 Qg4 44. Kc1 Qg1+ 45. Kc2 Qf2+ 46. Kb3 e4 47. Re3 Ke5 48. Kc3 Qg1 49. b3 $2 (49. Kb3) 49... Kd5 50. Kb4 (50. b4 $142) 50... Kd4 51. Re2 Ke5 52. Re3 Qd1 53. Kc4 Qd4+ 54. Kb5 Kd5 55. Re1 Qd3+ 56. Kb4 Qd4+ $2 (56... a5+ $19 57. Ka3 Qd4) 57. Kb5 Qc5+ 58. Ka4 Qc3 (58... a5 $142 59. Rd1+ Ke5 60. Bd2 Qc2 61. Be1 Qxd1 62. Bxa5 e3 63. Bc3+ {[#]} Qd4+ $1 64. Bb4 Qxh4 65. Ka3 Qxb4+ $1 66. Kxb4 e2 67. Ka3 h4 68. Ka4 e1=Q 69. Kb5 h3 70. Kc6 h2 71. Kd7 h1=Q 72. Ke7 Qb4+ 73. Ke8 Qb8+ 74. Kf7 Qh7#) 59. Re3 Qa1+ 60. Kb5 Qa3 61. Re1 a6+ $19 (61... Qxb3+ $142 62. Ka5 Qc3+ 63. Ka4 Qxe1 64. Kb3 e3 65. Bh6 e2 66. Kc2 Qd1+ 67. Kb2 e1=Q 68. Bc1 Qxc1+ 69. Ka2 Qxh4 70. Kb3 Qhc4#) 0-1

[Event "9. Korbacher Open 2017"]
[Site "Korbach"]
[Date "2017.10.20"]
[Round "2"]
[White "Hild, Sebastian"]
[Black "Braun, Ingram"]
[Result "1-0"]
[ECO "B41"]
[WhiteElo "1786"]
[BlackElo "2042"]
[Annotator "NA RC"]
[PlyCount "47"]
[EventDate "2017.??.??"]
[EventType "swiss"]
[EventCountry "GER"]
[SourceTitle "playchess.com"]
[Source "ChessBase"]
[SourceQuality "1"]
[TimeControl "40/5400+30:1800+30"]

1. e4 c5 2. Nf3 e6 3. d4 cxd4 4. Nxd4 a6 5. Be3 Nf6 6. Bd3 Qc7 7. Nd2 d5 {[%emt 0:02:52] LiveBook: 4 Games B41: Sicilian: Kan Variation: 5 c4} (7... d6 8. c4 Be7 9. O-O O-O 10. Rc1 Nbd7 11. b4 b6 12. f4 g6 13. h3 Bb7 14. Bb1 Rac8 15. f5 exf5 16. exf5 {½-½ (32) Plat,V (2472)-Abdumalik,Z (2311) Brno 2013}) 8. Rc1 Be7 9. O-O $146 ({Predecessor:} 9. c4 dxe4 10. Nxe4 Nbd7 11. O-O O-O 12. a3 b6 13. h3 Bb7 14. Qc2 Rfd8 15. Rfd1 {½-½ (31) Tran,M (1819)-Nguyen,H (1831) Ho Chi Minh City 2014}) 9... O-O 10. f4 dxe4 11. Nxe4 Bd7 ({Black should try} 11... Nd5 $15 12. Qf3 Nxe3 13. Qxe3 Qb6) 12. c3 Nc6 (12... Nd5 $5 13. Qf3 Nxe3 14. Qxe3 Nc6 $11) 13. Ng5 h6 14. Ne4 Nd5 15. Qf3 Nxe3 16. Qxe3 Qb6 17. Qf2 {[%emt 0:10:32] [#]} Nxd4 $1 18. cxd4 Rac8 19. Rc3 Rxc3 20. bxc3 Qc7 21. Qd2 Rc8 22. c4 Rd8 23. Kh1 Bc6 24. Ng3 $17 1-0

[Event "9. Korbacher Open 2017"]
[Site "Korbach"]
[Date "2017.10.20"]
[Round "2"]
[White "Meyer, Marcel"]
[Black "Koellner, Christof"]
[Result "0-1"]
[ECO "B48"]
[WhiteElo "1740"]
[BlackElo "2073"]
[Annotator "NA RC"]
[PlyCount "64"]
[EventDate "2017.??.??"]
[EventType "swiss"]
[EventCountry "GER"]
[SourceTitle "playchess.com"]
[Source "ChessBase"]
[SourceQuality "1"]
[TimeControl "40/5400+30:1800+30"]

1. e4 c5 2. Nf3 e6 3. d4 cxd4 4. Nxd4 Nc6 5. Nc3 Qc7 6. Be3 a6 7. Qd2 Nf6 8. f3 Bb4 9. a3 Be7 {[%emt 0:01:36] LiveBook: 60 Games} 10. Be2 {[%emt 0:03:29] B48: Sicilian: Taimanov: 5 Nc3 Qc7 6 Be3 a6 without Be2} (10. g4 O-O 11. h4 b5 12. h5 Nxh5 13. gxh5 Bb7 14. Nxc6 {1-0 (14) Tazbir,M (2552)-Papin,V (2570) Guimaraes 2012}) 10... Ne5 11. O-O ({White should try} 11. O-O-O $14) 11... b5 12. Rfd1 $146 ({Predecessor:} 12. b4 Bb7 13. Nd1 Rc8 14. Rc1 d5 15. exd5 Bxd5 16. c3 O-O 17. Nb2 Rfd8 {0-1 (27) Marasli,T-Djukic,S Artek 2000}) 12... O-O 13. Qe1 Bb7 14. Qf1 Bc5 15. Bf2 d5 16. exd5 Nxd5 17. Ne4 Bb6 18. Rac1 ({White should play} 18. Kh1 $15) 18... Qe7 (18... Nf4 $17 19. Bg3 Neg6) 19. c4 Nxc4 20. Bxc4 bxc4 21. Rxc4 Rac8 22. Rdc1 Rxc4 23. Rxc4 f5 24. Nc3 $1 Nxc3 25. Rxc3 Qd6 26. Nb3 Rd8 27. Rc2 (27. Bc5 $11) 27... Bc7 (27... Bxf2+ $17 28. Kxf2 Bd5) 28. Bg3 Qb6+ 29. Nc5 Bxg3 30. hxg3 a5 31. Qf2 $2 (31. Qe1 $11 {and White has nothing to worry.}) 31... Rd1+ 32. Kh2 {[%emt 0:00:11] [#]} e5 $19 0-1

[Event "9. Korbacher Open 2017"]
[Site "Korbach"]
[Date "2017.10.20"]
[Round "2"]
[White "Boehme, Jonas"]
[Black "Nemetz, Markus"]
[Result "1/2-1/2"]
[ECO "B90"]
[WhiteElo "1675"]
[BlackElo "1951"]
[Annotator "NA RC"]
[PlyCount "122"]
[EventDate "2017.??.??"]
[EventType "swiss"]
[EventCountry "GER"]
[SourceTitle "playchess.com"]
[Source "ChessBase"]
[SourceQuality "1"]
[TimeControl "40/5400+30:1800+30"]

1. e4 c5 2. Nf3 d6 3. d4 cxd4 4. Nxd4 Nf6 5. Nc3 a6 6. Be3 Ng4 {[%emt 0:00:47] LiveBook: 2509 Partien} 7. Qd2 Nxe3 {[%emt 0:01:33] B90: Sicilian Najdorf: Unusual White 6th moves, 6 Be3 Ng4 and 6 Be3 e5} 8. Qxe3 e6 (8... g6 9. O-O-O Bg7 10. h4 Nc6 11. Nb3 h5 12. Kb1 Ne5 13. Be2 b5 14. f4 Nc4 15. Bxc4 bxc4 {1-0 (39) Nisipeanu,L (2681)-Khismatullin,D (2651) Rijeka 2010}) 9. f4 Qc7 10. O-O-O Be7 11. h4 $146 ({Predecessor:} 11. Kb1 O-O 12. g4 b5 13. f5 Nc6 14. h4 Nxd4 15. Qxd4 {0-1 (30) Donghvani,N (1444)-Petrenko,S (2207) Kutansi 2015}) 11... Nc6 12. h5 h6 13. Bd3 Nxd4 14. Qxd4 Bf6 15. Qa4+ Bd7 16. Bb5 Bxc3 17. Bxd7+ Qxd7 18. Qxd7+ Kxd7 19. bxc3 Rac8 20. Rh3 Ke7 21. Rg3 Rhg8 22. Rgd3 Rgd8 23. Rg3 Rc5 24. Rh3 Rdc8 25. Kb2 Rb5+ 26. Ka1 Rcc5 27. g4 (27. Rhd3 $17) 27... Rc4 28. Re3 Ra5 29. Rb1 b5 30. Rb4 Ra4 31. Rxa4 Rxa4 ({Don't take} 31... bxa4 32. Kb2 $17) 32. Kb2 e5 33. fxe5 dxe5 34. a3 g6 35. g5 $2 (35. Kb3 {might work better.}) 35... gxh5 $4 (35... hxg5 $19 {and life is good for Black.} 36. hxg6 fxg6) 36. gxh6 Rc4 37. Rh3 Rc8 38. Rxh5 f6 $2 (38... Kf6 $16 39. Kb3 Kg6 40. Rxe5 Kxh6) 39. Kb3 Kf7 40. a4 (40. h7 $142 Rh8 41. Rh1) 40... Kg6 41. Rh3 bxa4+ 42. Kxa4 Kh7 43. Kb4 Rb8+ 44. Ka5 Rb2 45. Kxa6 Rxc2 46. Kb5 Re2 47. Rh4 Rf2 48. Kc5 $2 ({White must play} 48. c4 $18 Rf4 49. Rh1) 48... Rf4 49. Rxf4 exf4 50. Kd4 Kxh6 51. c4 Kg7 52. Kd3 Kf7 $1 53. Ke2 Ke6 54. Kf3 f5 55. Kxf4 fxe4 56. Kxe4 Kd6 57. Kd4 Kc6 58. c5 Kc7 59. Kd5 Kd7 60. c6+ Kc7 61. Kc5 $1 Kc8 $11 1/2-1/2